 Dungeon Crawl Stone Soup version 0.29-a0-289-g2178c42546 (webtiles) character file.

Game seed: 7484081397967906849

2332 Dabor the Skirmisher (level 9, -1/73 (75) HPs)
             Began as a Palentonga Fighter on Mar 16, 2022.
             Was a Follower of Ru.
             Slain by a wyvern (5 damage)
             ... on level 7 of the Dungeon.
             The game lasted 00:10:57 (6739 turns).

Dabor the Skirmisher (Palentonga Fighter)           Turns: 6739, Time: 00:10:58

HP:   -1/73 (75)    AC: 17    Str: 29    XL:     9   Next: 19%
MP:   0/9           EV: 10    Int: 11    God:    Ru [*.....]
Gold: 466           SH:  9    Dex: 12    Spells: 8/8 levels left

rFire   + + .      SeeInvis +   a - +0 war axe
rCold   + . .      Faith    .   c - +0 buckler
rNeg    . . .      Spirit   .   M - +0 troll leather armour
rPois   .          Reflect  +   j - +0 helmet
rElec   .          Harm     .   e - scarf {rC+ rF+}
rCorr   .          Rampage  .   i - +2 pair of gloves {infuse}
Will    .....                   (no barding)
Stlth   +.........              D - amulet of reflection
HPRegen 1.02/turn               y - ring of protection from fire
MPRegen 0.11/turn               I - +6 ring of strength

@: lethally poisoned (-1 -> -2), lightly drained, curled up
A: large, rugged brown scales 3, see invisible, deformed body, no hexes magic,
no ice magic, no translocations magic, roll 1, armoured tail, reflexive curl,
clever 1, strong 1, subdued magic 1
a: Rolling Charge, Renounce Religion


You were on level 7 of the Dungeon.
You worshipped Ru.
Ru was aware of your devotion.
You visited 1 branch of the dungeon, and saw 7 of its levels.

You collected 466 gold pieces.

Inventory:

Hand Weapons
 a - a +0 war axe (weapon)
Missiles
 k - 11 boomerangs
Armour
 b - a +0 scale mail
 c - a +0 buckler (worn)
 e - a scarf of resistance (worn)
 i - a +2 pair of gloves of infusion (worn)
 j - a +0 helmet (worn)
 F - the +0 plate armour "Fobbeen" {Will- Str+4 Int+3 Stlth+}
   (You found it on level 6 of the Dungeon)

   Str:       It affects your strength (+4).
   Int:       It affects your intelligence (+3).
   Will:      It decreases your willpower.
   Stlth:     It makes you more stealthy.
 K - the +1 robe of Junkuown {*Slow rPois rN+ Dex+6}
   (You found it on level 7 of the Dungeon)

   Dex:       It affects your dexterity (+6).
   rPois:     It protects you from poison.
   rN:        It protects you from negative energy.
   *Slow:     It may slow you when you take damage.
 M - a +0 troll leather armour (worn)
Jewellery
 y - a ring of protection from fire (left hand)
 A - the amulet "Gufif" {RegenMP Harm *Corrode rN+}
   (You found it on level 5 of the Dungeon)

   [amulet of magic regeneration]

   It increases your rate of magic regeneration.
   rN:        It protects you from negative energy.
   *Corrode:  It may corrode you when you take damage.
   Harm:      It increases damage dealt and taken.
 D - an amulet of reflection (around neck)
 I - a +6 ring of strength (right hand)
Wands
 E - a wand of mindburst (12)
 H - a wand of iceblast (10)
 J - a wand of flame (1)
 L - a wand of polymorph (11)
Scrolls
 h - 5 scrolls of teleportation
 l - a scroll of torment
 n - 2 scrolls of blinking
 o - 3 scrolls of magic mapping
 p - 2 scrolls of enchant weapon
 q - a scroll of summoning
 s - 3 scrolls of fear {unknown}
 t - a scroll of noise {unknown}
 u - 2 scrolls of enchant armour {unknown}
 v - 2 scrolls of silence {unknown}
 w - 7 scrolls of identify
 z - 2 scrolls of amnesia {unknown}
 B - 2 scrolls of vulnerability {unknown}
 C - a scroll of brand weapon {unknown}
Potions
 d - 4 potions of might
 f - a potion of mutation
 g - a potion of attraction {unknown}
 m - 2 potions of degeneration {unknown}
 r - a potion of berserk rage {unknown}
 x - a potion of flight {unknown}
 G - a potion of curing {unknown}


   Skills:
 + Level 6.8 Fighting
 + Level 6.5 Axes
 + Level 5.6 Armour
 + Level 4.7 Dodging
 - Level 2.7 Shields


You had 8 spell levels left.
You didn't know any spells.
Your spell library contained the following spells:

 Spells                   Type           Power      Damage    Failure   Level
 Animate Skeleton         Necr           0%         N/A       38%         1
 Pain                     Necr           0%         1d4       38%         1
 Vampiric Draining        Necr           0%         2d6       78%         3
 Gell's Gravitas          Tloc           Unusable   N/A       N/A         3
 Lesser Beckoning         Tloc           Unusable   N/A       N/A         3
 Teleport Other           Tloc           Unusable   N/A       N/A         3

Dungeon Overview and Level Annotations

Branches:
Dungeon (7/15)
 Temple: D:4-7

Altars:
Fedhas
Gozag
Hepliaklqana
Nemelex Xobeh
Qazlal
Ru
Trog
Uskayaw
Vehumet
Yredelemnul
Beogh

Annotations:
D:3 3 runed translucent doors, Zigma's ghost, amateur OpTm


Innate Abilities, Weirdness & Mutations

You are completely covered in rugged brown scales. (AC +3, +7% HP)
You have supernaturally acute eyesight. (SInv)
Armour fits poorly on your strangely shaped body.
You cannot study or cast Hexes magic.
You cannot study or cast Ice magic.
You cannot study or cast Translocations magic.
You can roll at nearby foes to attack.
You have a long armoured tail.
You curl defensively after being hit. (AC +7*)
Your mind is acute. (Int +2)
Your muscles are strong. (Str +2)
Your spells are a little easier to cast, but a little less powerful.


Message History

You hit the water moccasin but do no damage.
The water moccasin is heavily wounded.
You closely miss the wyvern.
You redirect the wyvern's attack!
The wyvern barely misses the water moccasin.
The water moccasin is stunned by your conviction and fails to attack.
The water moccasin closely misses you. The wyvern bites you.
You barely miss the water moccasin.
The water moccasin is heavily wounded.
You hit the wyvern. The water moccasin closely misses you.
The wyvern misses you. The water moccasin bites you.
You are poisoned.
The water moccasin poisons you! The wyvern bites you!
You closely miss the water moccasin.
The water moccasin is heavily wounded.
You hit the wyvern.
You feel very sick. The water moccasin bites you.
You redirect the wyvern's attack!
The wyvern closely misses itself.
The water moccasin bites you. The wyvern misses you.
You are too injured to fight recklessly!
You are too injured to fight recklessly!
You feel sick. The wyvern attacks as you move away! The wyvern bites you!
You feel sick. You block the wyvern's attack.
The wyvern attacks as you move away! The wyvern bites you!
* * * LOW HITPOINT WARNING * * *
You feel sick.
The water moccasin attacks as you move away!
You block the water moccasin's attack.
You feel sick.
The wyvern hisses menacingly.
The wyvern bites you but does no damage.
The wyvern attacks as you move away! The wyvern bites you!
* * * LOW HITPOINT WARNING * * *
You feel sick.
It was a potion of mutation.
You feel extremely strange.
You feel clever.
Your connection to magic feels subdued.
You feel stronger.
You feel sick. You block the wyvern's attack. The wyvern bites you.
You die...

#.################
#.# # #.# # #.# #
#.# # #.# ## . #.#
... # #.# ...> #@#
..... #l######...#
#Sz.z.)'...+
#....8)#.⌠.#
#......+ ..+
######## .# .. .<
.


You could see a water moccasin, a wyvern and a wight.

Vanquished Creatures
  Pikel (D:5)
  A troll (D:7)
  Grinder (D:3)
  A sky beast (D:7)
  An ogre (D:6)
  A black bear (D:4)
  An ice beast (D:7)
  A phantom (D:5)
  2 necrophages
  A scorpion (D:6)
  3 wights (D:7)
  2 howler monkeys
  5 hounds
  2 jellies
  An orc priest (D:5)
  2 scorpion zombies (D:4)
  4 iguanas
  6 orc wizards
  3 hound zombies (D:4)
  6 adders
  2 white imps
  3 ufetubi
  3 worms
  4 dart slugs
  13 orcs
  6 bats
  4 endoplasms
  3 giant cockroaches
  10 goblins
  5 hobgoblins
  3 jackals (D:4)
  9 kobolds
  4 quokkas
  10 ball pythons
  4 frilled lizards
  4 rats
132 creatures vanquished.

Vanquished Creatures (others)
  12 fungi (D:6)
12 creatures vanquished.

Grand Total: 144 creatures vanquished

Notes
Turn   | Place    | Note
-------+----------+-------------------------------------------
     0 | D:1      | Dabor the Palentonga Fighter began the quest for the Orb.
     0 | D:1      | Reached XP level 1. HP: 19/19 MP: 1/1
   144 | D:1      | Reached XP level 2. HP: 25/25 MP: 2/2
   808 | D:2      | Reached XP level 3. HP: 31/31 MP: 1/3
  1669 | D:3      | Found a blossoming altar of Fedhas.
  1718 | D:3      | Found an opulent altar of Gozag.
  1903 | D:3      | Found a runed translucent gate.
  1904 | D:3      | Found a runed translucent gate.
  1905 | D:3      | Found a runed translucent gate.
  1906 | D:3      | Noticed Zigma's ghost (amateur OpTm)
  1907 | D:3      | Identified the +0 scale mail of Philately {Str+3}
  2136 | D:3      | Reached XP level 4. HP: 36/37 MP: 2/4
  2290 | D:3      | Noticed Grinder
  2292 | D:3      | Paralysed by Grinder for 3 turns
  2300 | D:3      | Killed Grinder
  2301 | D:3      | Reached skill level 1 in Dodging
  2301 | D:3      | Reached XP level 5. HP: 44/44 MP: 0/5
  2428 | D:4      | Found a sparkling altar of Nemelex Xobeh.
  2437 | D:4      | Reached XP level 6. HP: 51/51 MP: 3/6
  2819 | D:4      | Found a basalt altar of Yredelemnul.
  2996 | D:4      | Gained mutation: You curl defensively after being hit. (AC
                  | +7*) [Palentonga growth]
  2996 | D:4      | Reached XP level 7. HP: 55/58 MP: 0/7
  3182 | D:4      | Found a radiant altar of Vehumet.
  3430 | D:4      | Found a bloodstained altar of Trog.
  3649 | D:4      | Found a sacrificial altar of Ru.
  3652 | D:4      | Became a worshipper of Ru the Awakened
  3845 | D:5      | Entered Level 5 of the Dungeon
  4007 | D:5      | Reached skill level 5 in Fighting
  4049 | D:5      | Identified the amulet "Gufif" {RegenMP Harm *Corrode rN+}
  4709 | D:6      | Noticed Pikel
  4722 | D:5      | Killed Pikel
  4723 | D:5      | Reached skill level 5 in Axes
  4723 | D:5      | Reached XP level 8. HP: 41/68 MP: 4/8
  4862 | D:6      | Identified the +0 plate armour "Fobbeen" {Will- Str+4 Int+3
                  | Stlth+}
  4995 | D:6      | Reached skill level 5 in Armour
  4995 | D:6      | Gained mutation: You cannot study or cast Ice magic. [Ru
                  | sacrifice]
  4995 | D:6      | Gained mutation: You cannot study or cast Hexes magic. [Ru
                  | sacrifice]
  4995 | D:6      | Gained mutation: You cannot study or cast Translocations
                  | magic. [Ru sacrifice]
  4995 | D:6      | Reached * piety under Ru
  5653 | D:6      | Found a hide-covered altar of Uskayaw.
  5987 | D:6      | Found a hazy altar of Hepliaklqana.
  5988 | D:6      | Found a faded altar of an unknown god.
  6167 | D:7      | Found a stormy altar of Qazlal.
  6285 | D:7      | Reached XP level 9. HP: 51/75 MP: 4/9
  6396 | D:7      | Identified the +1 robe of Junkuown {*Slow rPois rN+ Dex+6}
  6598 | D:7      | Noticed a troll
  6601 | D:7      | Killed a troll
  6739 | D:7      | Gained mutation: Your mind is acute. (Int +2) [potion of
                  | mutation]
  6739 | D:7      | Gained mutation: Your spells are a little easier to cast,
                  | but a little less powerful. [potion of mutation]
  6739 | D:7      | Gained mutation: Your muscles are strong. (Str +2) [potion
                  | of mutation]
  6739 | D:7      | Slain by a wyvern

Illustrated notes

Levels and vault maps discovered:
D:1:      minmay_arrival_arboretum_small, layout_loops_ring
D:2:      layout_loops_ring, mrwooster_statue_mirror
D:3:      layout_loops_cross, fedhas_altar_3,
          nicolae_gozag_cash_rules_everything_around_me,
          biasface_ghost_orc_armoury, uniq_grinder
D:4:      layout_loops_ring, mainiacjoe_overflow_alcove_4,
          nicolae_yredelemnul_corpse_copse, old_standard_altar,
          lemuel_doored_altar, mainiacjoe_overflow_catwalk, grunt_ministairs_15
D:5:      layout_basic
D:6:      layout_loops_cross, old_standard_altar,
          beargit_hepliaklqana_dungeon_heroes, serial_aquarium,
          aquarium_bridge_straight [aquarium_subvault_bridge,
          aquarium_subvault_balcony, aquarium_subvault_bridge,
          aquarium_subvault_window], aquarium_bridge_long_separate
          [aquarium_subvault_bridge, aquarium_subvault_window,
          aquarium_subvault_bridge, aquarium_subvault_window,
          aquarium_subvault_bridge, aquarium_subvault_window],
          aquarium_window_2, aquarium_window_fake, aquarium_view_2e,
          aquarium_balcony_double_1, aquarium_pool_S, hangedman_decor_opposing,
          uniq_pikel
D:7:      layout_basic, mainiacjoe_overflow_alcove_1,
          minmay_temple_entry_mini_moons, nicolae_elevator_lobby_plus

Skill      XL: |  1  2  3  4  5  6  7  8 |
---------------+-------------------------+-----
Fighting       | 4 5 6 |  6.8
Axes           | 3 4 5 6 |  6.5
Armour         | 3 4 5 |  5.6
Dodging        | 1 2 3 4 |  4.7
Shields        | |  2.7

Action                   |  1- 3 |  4- 6 |  7- 9 || total
-------------------------+-------+-------+-------++-------
Melee: War axe           |   108 |    89 |   184 ||   381
       Tailslap          |     8 |     8 |    27 ||    43
Invok: Sacrifice Arcana  |       |       |     1 ||     1
 Abil: Rolling Charge    |    19 |     7 |    17 ||    43
  Use: Scroll            |       |     6 |       ||     6
       Potion            |       |       |     1 ||     1
Armor: Scale mail        |    54 |    64 |    73 ||   191
       Troll leather arm |       |       |    10 ||    10
       Plate armour      |       |       |     6 ||     6
Dodge: Dodged            |    31 |    41 |    63 ||   135
Block: Buckler           |    17 |    21 |    61 ||    99

Table legend: (Time is in decaauts)
 A = Elapsed time spent in this place.
 B = Non-inter-level travel time spent in this place.
 C = Inter-level travel time spent in this place.
 D = Time resting spent in this place.
 E = Time spent auto-exploring this place.
 F = Levels seen in this place.
 G = Mean time per level.
                   A        B        C        D        E       F      G
               +--------+--------+--------+--------+--------+-----+--------+
         Total |   6859 |   6569 |    290 |    123 |   5398 |   7 |  979.9 |
       Dungeon |   6859 |   6569 |    290 |    123 |   5398 |   7 |  979.9 |
               +--------+--------+--------+--------+--------+-----+--------+

Top non-repeatable levels by time:
     D:4: 1449 daAuts
     D:6: 1325 daAuts
     D:5: 1024 daAuts
     D:3: 924 daAuts
     D:2: 839 daAuts
     D:1: 710 daAuts
     D:7: 585 daAuts
